 Dungeon Crawl Stone Soup version 0.13.0-25-g43d4df3 (webtiles) character file.

1917 MirrMurr the Conjurer (level 8, -2/31 HPs)
             Began as a Felid Conjurer on Oct 28, 2013.
             Was a Priest of Nemelex Xobeh.
             Shot with a sling bullet of frost by Joseph (10 damage)
             ... on Level 9 of the Dungeon on Oct 29, 2013.
             The game lasted 00:54:36 (11170 turns).

MirrMurr the Conjurer (Felid Conjurer)             Turns: 11170, Time: 00:54:37

HP  -2/31        AC  2     Str  6      XL: 8   Next: 57%
MP   7/22        EV 21     Int 23      God: Nemelex Xobeh [***...]
Gold 363         SH  0     Dex 16      Spells:  7 memorised,  0 levels left
Lives: 0, deaths: 2

Res.Fire  : + . .   See Invis. : +   (weapon unavailable)
Res.Cold  : . . .   Warding    : .   (armour unavailable)
Life Prot.: . . .   Conserve   : .   (shield unavailable)
Res.Poison: .       Res.Corr.  : .   (helmet unavailable)
Res.Elec. : .       Clarity    : .   (cloak unavailable)
Sust.Abil.: . .     Spirit.Shd : .   (gloves unavailable)
Res.Mut.  : .       Stasis     : .   (boots unavailable)
Res.Rott. : .       Flight     : .   (no amulet)
Saprovore : . . .                    k - ring of protection from magic
                                     j - ring of protection from fire

@: brilliant, quick, quite resistant to hostile enchantments, stealthy
A: paw claws, no armour, no advanced items, fangs 3, see invisible, carnivore 3,
speed 1, slow metabolism 1, AC +2
a: Draw One, Peek at Two, Triple Draw, Renounce Religion


You were on level 9 of the Dungeon.
You worshipped Nemelex Xobeh.
Nemelex Xobeh was most pleased with you.
You were full.

You visited 2 branches of the dungeon, and saw 10 of its levels.

You collected 382 gold pieces.
You spent 39 gold pieces at shops.

Inventory:

Comestibles
 b - 3 meat rations
 A - 2 chunks of orc flesh
Scrolls
 e - 3 scrolls of teleportation
 f - 3 scrolls of amnesia {unknown}
 h - a scroll of random uselessness {unknown}
 l - 2 scrolls of remove curse
 m - a scroll of magic mapping {unknown}
 o - 3 scrolls of blinking
 p - 4 scrolls of identify
 r - 2 scrolls of enchant weapon I {unknown}
 s - 2 scrolls of curse weapon {unknown}
 u - 4 scrolls of fog
 x - a scroll of curse jewellery {unknown}
 z - a scroll of immolation {unknown}
 C - a scroll of acquirement {unknown}
Jewellery
 g - an uncursed ring of ice
 j - a ring of protection from fire (left paw)
 k - a ring of protection from magic (right paw)
 q - an uncursed ring of teleport control
Potions
 d - 4 potions of curing
 B - a potion of confusion {unknown}
 E - 2 potions of restore abilities
Books
 c - a book of Conjurations

   Spells                             Type                      Level
   *Magic Dart                        Conjuration                  1
   *Searing Ray                       Conjuration                  2
   *Dazzling Spray                    Conjuration/Hexes            3
   *Iskenderun's Mystic Blast         Conjuration                  4
   *Iskenderun's Battlesphere         Conjuration/Charms           4
   Fulminant Prism                    Conjuration/Hexes            5
 i - a book of Necromancy

   Spells                             Type                      Level
   Pain                               Necromancy                   1
   *Animate Skeleton                  Necromancy                   1
   Lethal Infusion                    Charms/Necromancy            2
   Vampiric Draining                  Necromancy                   3
   *Regeneration                      Charms/Necromancy            3
   Animate Dead                       Necromancy                   4
   Control Undead                     Necromancy                   4
 D - a book of Ice

   Spells                             Type                      Level
   Freezing Aura                      Charms/Ice                   2
   Ensorcelled Hibernation            Hexes/Ice                    2
   Ozocubu's Refrigeration            Ice                          6
   Bolt of Cold                       Conjuration/Ice              6
   Freezing Cloud                     Conjuration/Ice/Air          6
   Metabolic Englaciation             Hexes/Ice                    6
   Simulacrum                         Ice/Necromancy               6
Miscellaneous
 t - a plain deck of war
 w - a plain deck of escape {drawn: 1}
 y - an ornate deck of escape {drawn: 1}


   Skills:
 - Level 5.7 Dodging
 - Level 2.6 Stealth
 * Level 5.8 Spellcasting
 - Level 8.0 Conjurations
 - Level 5.3 Hexes
 - Level 6.4 Charms
 + Level 2.2 Necromancy
 + Level 2.9 Evocations


You couldn't memorise any spells.
You knew the following spells:

 Your Spells              Type           Power        Failure   Level  Hunger
a - Magic Dart            Conj           ####         1%          1    None
b - Searing Ray           Conj           ######       1%          2    None
c - Dazzling Spray        Conj/Hex       ######..     1%          3    ##.....
d - Iskenderun's Mystic   Conj           ######..     1%          4    ###....
e - Iskenderun's Battles  Conj/Chrm      ######..     1%          4    ###....
f - Animate Skeleton      Necr           N/A          1%          1    None
y - Regeneration          Chrm/Necr      #####.....   1%          3    ##.....


Dungeon Overview and Level Annotations

Branches:
Dungeon (9/27)             Temple (1/1) D:7
    Orc: D:6-11        Lair: D:8-13

Altars:
Ashenzari
Cheibriados
Elyvilon
Fedhas
Kikubaaqudgha
Makhleb
Nemelex Xobeh
Okawaru
Sif Muna
Trog
Vehumet
Xom
Yredelemnul
Zin
the Shining One

Shops:
D:5 [   D:7 }   D:9 ![

Annotations:
D:4 come back...
D:6 come back
D:8 come back
D:9 Joseph


Innate Abilities, Weirdness & Mutations

You cannot wear armour.
You are incapable of any advanced item manipulation.
Your paws have sharp claws.
You have razor-sharp teeth.
You have supernaturally acute eyesight.
You are carnivorous and can eat meat at any time.
You cover ground quickly.
You are covered in thick fur (AC +2).
You have a slow metabolism.


Message History

Joseph wields a glowing sling.
It is covered in frost.
Joseph shoots a sling bullet of frost.
The sling bullet of frost hits you!
Your potion of berserk rage freezes and shatters!
You see here a sling bullet.
Drink which item? (? for menu, Esc to quit)
You feel more clever all of a sudden.
Joseph says, "I've waited for this moment for such a long time."
Joseph shoots a sling bullet of frost.
The sling bullet of frost hits you!
* * * LOW HITPOINT WARNING * * *
Casting: Searing Ray
Confirm with . or Enter, or press ? or * to list all spells.
Aiming: Iskenderun's Mystic Blast
Press: ? - help, Shift-Dir - straight line, f - Joseph
Aim: Joseph, wielding a sling of frost and wearing an orcish leather armour The orb of energy hits Joseph.
Joseph is moderately wounded.
The orb of energy explodes!
Joseph shoots a sling bullet of frost.
The sling bullet of frost hits you!
You die...
Your body disappears without a glow.

... #....(. . .......
####. ....#... #...#
......... ##...#
###........ ###....##
#..........
#.......####...........
#......@#.....($$......
#...#...#....(.∩$......
###............$$......
#..........).........
#......((...........
#....(....@......?..
##...#..@...........
#..................
#.......(.........


You could see Joseph.

Vanquished Creatures
  The ghost of ark the Grappler, an experienced TrEE of Okawaru (D:7)
  A yak (D:8)
  A hungry ghost (D:8)
  A hippogriff (D:9)
  A phantom (D:5)
  An ice beast (D:7)
  3 centaurs
  4 ogres
  A water moccasin (D:7)
  Blork the orc (D:9)
  A giant frog (D:6)
  3 crimson imps
  2 giant frog skeletons
  2 hounds
  10 orc wizards
  A centaur skeleton (D:9)
  3 iguanas
  4 orc priests
  3 scorpions
  6 worker ants
  A worker ant zombie (D:5)
  9 adders
  A giant mite (D:3)
  2 goliath beetle zombies
  3 worms
  An adder skeleton (D:4)
  A giant eyeball (D:3)
  7 giant geckos
  21 orcs
  8 giant cockroaches
  9 hobgoblins
  3 jackals
  18 kobolds
  7 quokkas
  2 ball pythons
  11 bats
  9 giant newts
  7 goblins
  A kobold zombie (D:7)
  An orc skeleton (D:6)
  11 rats
  A rat skeleton (D:7)
  3 rat zombies
187 creatures vanquished.

Vanquished Creatures (others)
  An orc wizard (D:4)
  An orc (D:4)
  A rat skeleton (D:7)
3 creatures vanquished.

Grand Total: 190 creatures vanquished

Notes
Turn   | Place    | Note
--------------------------------------------------------------
     0 | D:1      | MirrMurr, the Felid Conjurer, began the quest for the Orb.
     0 | D:1      | Reached XP level 1. HP: 7/7 MP: 4/4
   230 | D:1      | Reached skill level 4 in Conjurations
   265 | D:1      | Reached XP level 2. HP: 11/11 MP: 1/5
   311 | D:1      | Learned a level 2 spell: Searing Ray
  1143 | D:2      | Reached XP level 3. HP: 14/14 MP: 4/7
  2003 | D:3      | Paralysed by a giant eyeball for 4 turns
  2374 | D:3      | Reached skill level 5 in Conjurations
  2589 | D:3      | Reached XP level 4. HP: 16/18 MP: 4/10
  2957 | D:4      | Noticed an ogre
  2994 | D:4      | Killed an ogre
  2994 | D:4      | Reached XP level 5. HP: 14/21 MP: 6/13
  3071 | D:3      | Learned a level 3 spell: Dazzling Spray
  3072 | D:4      | Noticed a phantom
  3583 | D:4      | Found a burning altar of Makhleb.
  3586 | D:4      | Found a snail-covered altar of Cheibriados.
  3589 | D:4      | Found a shimmering altar of Xom.
  3637 | D:3      | Slain by an iguana
  3638 | D:3      | Reached XP level 4. HP: -5/18 MP: 3/12
  3720 | D:4      | Reached XP level 5. HP: 21/21 MP: 10/14
  4481 | D:4      | Gained mutation: You are covered in thick fur (AC +2). [growing up]
  4481 | D:4      | Reached XP level 6. HP: 24/24 MP: 11/18
  4576 | D:5      | Entered Level 5 of the Dungeon
  4599 | D:5      | Reached skill level 5 in Spellcasting
  4662 | D:5      | Learned a level 4 spell: Iskenderun's Mystic Blast
  4989 | D:5      | Found Qaos' Armour Shoppe.
  5402 | D:5      | Reached XP level 7. HP: 27/27 MP: 15/20
  5440 | D:5      | Learned a level 4 spell: Iskenderun's Battlesphere
  5560 | D:5      | Reached skill level 1 in Charms
  6007 | D:6      | Reached skill level 5 in Dodging
  6410 | D:6      | Reached skill level 5 in Hexes
  6737 | D:6      | Noticed ark's ghost (experienced TrEE)
  7122 | D:6      | Found a sparkling altar of Nemelex Xobeh.
  7130 | D:6      | Became a worshipper of Nemelex Xobeh
  7179 | D:6      | Reached XP level 8. HP: 6/31 MP: 3/22
  7191 | D:6      | Received a gift from Nemelex Xobeh
  7645 | D:1      | Acquired Nemelex Xobeh's first power
  8148 | D:3      | Acquired Nemelex Xobeh's second power
  8962 | D:7      | Found a staircase to the Ecumenical Temple.
  8962 | D:7      | Found Rokhlote's Gadget Boutique.
  8971 | D:7      | Reached skill level 6 in Conjurations
  9173 | D:7      | Received a gift from Nemelex Xobeh
  9204 | Temple   | Entered the Ecumenical Temple
  9307 | D:7      | Noticed ark's ghost (experienced TrEE)
  9307 | D:7      | fuck ark's ghosts!!!
  9837 | D:7      | Reached skill level 5 in Charms
 10065 | D:7      | Learned a level 1 spell: Animate Skeleton
 10235 | D:7      | Reached skill level 7 in Conjurations
 10258 | D:7      | Killed ark's ghost
 10258 | D:7      | Reached XP level 9. HP: 28/34 MP: 0/23
 10397 | D:8      | Noticed a cyclops
 10514 | D:8      | Reached skill level 8 in Conjurations
 10607 | D:8      | Learned a level 3 spell: Regeneration
 10633 | D:8      | Reached skill level 1 in Necromancy
 10633 | D:8      | Reached skill level 1 in Evocations
 10665 | D:8      | Acquired Nemelex Xobeh's third power
 10987 | D:8      | Hit by a large rock thrown by a cyclops
 10988 | D:8      | Reached XP level 8. HP: 0/31 MP: 20/22
 10988 | D:8      | Found a burning altar of Makhleb.
 11035 | D:9      | Found Klugywn's Distillery.
 11045 | D:9      | Bought a potion of restore abilities for 39 gold pieces
 11054 | D:9      | Found Nacarph's Armour Boutique.
 11093 | D:9      | Noticed Blork the orc
 11104 | D:9      | Killed Blork the orc
 11163 | D:9      | Noticed Joseph
 11170 | D:9      | Shot with a sling bullet of frost by Joseph

Action                   |  1- 3 |  4- 6 |  7- 9 || total
-------------------------+-------+-------+-------++-------
Melee: Unarmed           |     4 |    11 |     2 ||    17
 Cast: Magic Dart        |   101 |    88 |   202 ||   391
       Searing Ray       |     1 |    26 |    45 ||    72
       Dazzling Spray    |       |     6 |    10 ||    16
       Iskenderun's Myst |       |       |    10 ||    10
       Animate Skeleton  |       |       |     2 ||     2
       Iskenderun's Batt |       |       |     2 ||     2
Invok: Draw One          |       |       |     2 ||     2
  Use: Scroll            |     5 |     2 |     5 ||    12
       Potion            |     1 |     3 |     7 ||    11
